 Dungeon Crawl Stone Soup version 0.27-a0-1438-g9b7c6745da (webtiles) character file.

Game seed: 1051986267752582146

95 Delamore the Skirmisher (level 4, -1/37 HPs)
             Began as a Formicid Fighter on July 4, 2021.
             Killed by nerve-wracking pain
             ... invoked by Grinder
              (11 damage)
             ... on level 3 of the Dungeon.
             The game lasted 00:01:52 (1810 turns).

Delamore the Skirmisher (Formicid Fighter)          Turns: 1810, Time: 00:01:53

Health: -1/37      AC:  6    Str: 21    XL:     4   Next: 95%
Magic:  4/4        EV:  8    Int:  8    God:
Gold:   72         SH:  9    Dex: 10    Spells: 3/3 levels left

rFire    . . .     SeeInvis +   a - +0 quarterstaff
rCold    . . .     Faith    .   c - +0 kite shield
rNeg     . . .     Spirit   .   b - +0 scale mail
rPois    .         Reflect  .   (helmet unavailable)
rElec    .         Harm     .   (no cloak)
rCorr    .         Rampage  .   (no gloves)
Will     .....                  (no boots)
Stlth    ..........             (no amulet)
HPRegen  0.12/turn              (no ring)
MPRegen  0.09/turn              (no ring)

@: no status effects
A: permanent stasis, dig shafts and tunnels, antennae 3, four strong arms
a: Dig, Shaft Self


You were on level 3 of the Dungeon.
You visited 1 branch of the dungeon, and saw 3 of its levels.

You collected 72 gold pieces.

Inventory:

Hand Weapons
 a - a +0 quarterstaff (weapon)
Missiles
 h - 13 poisoned darts (quivered)
 j - 4 atropa-tipped darts
Armour
 b - a +0 scale mail (worn)
 c - a +0 kite shield (worn)
Scrolls
 i - a scroll of magic mapping {unknown}
Potions
 d - 3 potions of might
 e - 2 potions of heal wounds
 f - a potion of flight
 g - a potion of curing {unknown}
 k - a potion of magic {unknown}
 l - a potion of degeneration {unknown}


   Skills:
 + Level 4.2 Fighting
 * Level 4.0 Staves
 - Level 3.2 Armour
 - Level 3.6 Shields


You had 3 spell levels left.
You didn't know any spells.
Your spell library contained the following spells:

 Spells                   Type           Power      Damage    Failure   Level
 Animate Dead             Necr           0%         N/A       100%        4
 Borgnjor's Vile Clutch   Necr/Erth      0%         N/A       100%        5
 Death Channel            Necr           0%         N/A       100%        6


Dungeon Overview and Level Annotations

Branches:
Dungeon (3/15)

Altars:

Shops:
D:1 (   D:2 =

Annotations:
D:3 Grinder


Innate Abilities, Weirdness & Mutations

You cannot be hasted, slowed, berserked, paralysed or teleported.
You can dig through walls and to a lower floor.
You have a pair of large antennae on your head. (SInv)
Your four strong arms can wield two-handed weapons with a shield.


Message History

You thump Grinder!
Grinder is moderately wounded.
Grinder barely misses you.
Grinder is nearby!
Grinder is nearby!
You sock Grinder!
Grinder is heavily wounded.
Grinder blinks! x2
You sense a monster nearby.
No target in view!
Grinder is nearby!
You throw a poisoned dart.
The poisoned dart closely misses Grinder.
Grinder hits you!
You hit Grinder but do no damage.
Grinder is heavily wounded.
Grinder blinks!
You throw a poisoned dart.
The poisoned dart closely misses Grinder.
You throw a poisoned dart.
The poisoned dart closely misses Grinder.
You throw a poisoned dart. The poisoned dart hits Grinder.
Grinder is heavily wounded.
You throw a poisoned dart. The poisoned dart hits Grinder.
Grinder is heavily wounded.
You closely miss Grinder.
Grinder is heavily wounded.
Grinder hits you.
You writhe in agony.
* * * LOW HITPOINT WARNING * * *
You are too injured to fight recklessly!
You are too injured to fight recklessly!
You are too injured to fight recklessly!
You barely miss Grinder.
Grinder is heavily wounded.
Grinder hits you.
* * * LOW HITPOINT WARNING * * *
Grinder says, "FISH!"
Grinder gestures at you. Pain shoots through your body!
You die...

#.......##..♣...>.....#
#........#..........#.#
#......#..♣...♣......
#...)..#.......?.....
######......<†..?....
#...............
#....♣...♣......
#...............
#......♣@.......
.#....(5........
...............
...(....#......
...(...........
(.##........... #
##########.# .#


You could see Grinder.

Vanquished Creatures
  3 adders
  4 worms (D:2)
  An orc (D:3)
  4 ball pythons
  3 endoplasms
  A giant cockroach (D:2)
  3 hobgoblins
  9 jackals
  4 kobolds
  2 quokkas (D:1)
  4 bats
  3 frilled lizards
  6 goblins
  8 rats
55 creatures vanquished.

Notes
Turn   | Place    | Note
-------+----------+-------------------------------------------
     0 | D:1      | Delamore the Formicid Fighter began the quest for the Orb.
     0 | D:1      | Reached XP level 1. HP: 18/18 MP: 1/1
   165 | D:1      | Reached XP level 2. HP: 23/24 MP: 2/2
   237 | D:1      | Found Wauceux's Antique Weapon Shop.
   515 | D:1      | Reached XP level 3. HP: 30/30 MP: 3/3
   733 | D:2      | Found Miat Kugg's Jewellery Boutique.
   902 | D:2      | Reached XP level 4. HP: 29/37 MP: 4/4
   916 | D:2      | Found a faded altar of an unknown god.
  1780 | D:3      | Noticed Grinder
  1810 | D:3      | Killed from afar by Grinder

Illustrated notes

Levels and vault maps discovered:
D:1:      minmay_arrival_widening_spiral_wide, layout_basic, serial_shops, shop
D:2:      layout_basic, serial_shops, shop, hellmonk_ecumenical_altar_run_dry,
          chequers_garden
D:3:      layout_rooms, roderic_cross_of_infinity, corexii_corridor_pit,
          grunt_ministairs_2, minmay_misc_feat_rugged, supply_closet_lemuel,
          chequers_serial_rivers_micro_d, minivault_25, minmay_goblin_outpost,
          uniq_natasha, uniq_crazy_yiuf_cottage, uniq_grinder

Skill      XL: |  1  2  3  4 |
---------------+-------------+-----
Staves         | 3 4 |  4.0
Fighting       | 4 |  4.2
Armour         | |  3.2
Shields        | |  3.6

Action                   |  1- 3 |  4- 6 || total
-------------------------+-------+-------++-------
Melee: Quarterstaff      |    92 |    69 ||   161
Throw: Dart              |       |     5 ||     5
  Use: Scroll            |     2 |     2 ||     4
Armor: Scale mail        |    39 |    17 ||    56
Dodge: Dodged            |    21 |    18 ||    39
Block: Kite shield       |    55 |    29 ||    84

Table legend: (Time is in decaauts)
 A = Elapsed time spent in this place.
 B = Non-inter-level travel time spent in this place.
 C = Inter-level travel time spent in this place.
 D = Time resting spent in this place.
 E = Time spent auto-exploring this place.
 F = Levels seen in this place.
 G = Mean time per level.
                   A        B        C        D        E       F      G
               +--------+--------+--------+--------+--------+-----+--------+
         Total |   1862 |   1818 |     44 |      0 |   1440 |   3 |  620.7 |
       Dungeon |   1862 |   1818 |     44 |      0 |   1440 |   3 |  620.7 |
               +--------+--------+--------+--------+--------+-----+--------+

Top non-repeatable levels by time:
     D:2: 936 daAuts
     D:1: 651 daAuts
     D:3: 275 daAuts
